 Dungeon Crawl Stone Soup version 0.30-a0-393-g54b8e3be05 (webtiles) character file.

Game seed: 10104881476177613922

84 retardedninja the Trooper (level 4, -5/41 HPs)
             Began as a Hill Orc Fighter on Dec 2, 2022.
             Slain by an ogre
             ... wielding a +0 giant club
              (18 damage)
             ... on level 3 of the Dungeon on Dec 5, 2022.
             The game lasted 00:06:20 (1965 turns).

retardedninja the Trooper (Hill Orc Fighter)        Turns: 1965, Time: 00:06:21

Health: -5/41      AC:  9    Str: 20    XL:     4   Next: 45%
Magic:  4/4        EV:  7    Int:  8    God:
Gold:   88         SH:  4    Dex: 10    Spells: 3/3 levels left

rFire   . . .      SeeInvis .    a - +0 war axe
rCold   . . .      Faith    .    c - +0 buckler
rNeg    . . .      Spirit   .    f - +0 chain mail
rPois   .          Reflect  .    (no helmet)
rElec   .          Harm     .    (no cloak)
rCorr   .          Rampage  .    (no gloves)
Will    .....                    (no boots)
Stlth   ..........               (no amulet)
HPRegen 0.26/turn                (no ring)
MPRegen 0.09/turn                (no ring)

@: mighty
A: no striking features
a: no special abilities


You were on level 3 of the Dungeon.
You visited 1 branch of the dungeon, and saw 3 of its levels.

You collected 88 gold pieces.

Inventory:

Hand Weapons
 a - a +0 war axe (weapon)
Armour
 c - a +0 buckler (worn)
 f - a +0 chain mail (worn)
Jewellery
 i - a ring of fire
 k - a +4 ring of evasion
Scrolls
 g - a scroll of identify
 h - 2 scrolls of blinking
Potions
 b - a potion of curing {unknown}
 d - a potion of might
 e - 2 potions of attraction
 j - a potion of magic {unknown}
 l - a potion of degeneration {unknown}
 m - 2 potions of mutation {unknown}


   Skills:
 + Level 4.3 Fighting
 + Level 3.6 Axes
 + Level 4.0 Armour
 + Level 4.0 Shields


You had 3 spell levels left.
You didn't know any spells.
Your spell library contained the following spells:

 Spells                   Type           Power      Damage    Failure   Level
 Beastly Appendage        Tmut           0%         N/A       99%         1
 Wereblood                Tmut           0%         N/A       100%        2
 Call Canine Familiar     Summ           0%         N/A       100%        3
 Portal Projectile        Hex/Tloc       0%         N/A       100%        3
 Spider Form              Tmut/Pois      0%         N/A       100%        3
 Summon Guardian Golem    Hex/Summ       0%         N/A       100%        3
 Leda's Liquefaction      Hex/Erth       0%         N/A       100%        4
 Orb of Destruction       Conj           0%         9d5       100%        7
 Spellforged Servitor     Conj/Summ      0%         N/A       100%        7


Dungeon Overview and Level Annotations

Branches:
Dungeon (3/15)

Altars:
Qazlal


Message History

The kobold shouts!
You hear a shout!
A hobgoblin comes into view.
There are monsters nearby!
There are monsters nearby!
You closely miss the hobgoblin.
The hobgoblin hits you but does no damage. x2
You slash the hobgoblin!
You kill the hobgoblin!
You hit the kobold but do no damage. You block the kobold's attack.
You barely miss the kobold. The kobold hits you but does no damage.
The kobold closely misses you.
You slash the kobold!
You kill the kobold!
No target in view!
No target in view!
No target in view!
No target in view!
No target in view!
No target in view!
No target in view!
No target in view!
No target in view!
An ogre comes into view. It is wielding a +0 giant club.
The ogre shouts!
An ogre is nearby!
An ogre is nearby!
You feel very mighty all of a sudden.
You see here 14 gold pieces.
You slice the ogre!!
The ogre is almost dead.
The ogre hits you with a +0 giant club!!
Ouch! That really hurt!
* * * LOW HITPOINT WARNING * * *
You barely miss the ogre.
The ogre is almost dead.
The ogre barely misses you.
You closely miss the ogre.
The ogre is almost dead.
The ogre hits you with a +0 giant club!!
You die...

..........#
.........##
......... .......
..... #. #. ...#
..# #. #O.## ##.
..# #. #@..# ###
.#. #.# #.###.#.#
..# ... #.#
#.#...#..# #.#
...## #.#
#...####..# #.#
....####.####..##
#..###.#
......##........##
#...#.#
............###..#
#...#
...............#)#
#..###
.......##.....[#..#
#....##


You could see an ogre.

Vanquished Creatures
  An adder (D:2)
  2 worms (D:2)
  2 dart slugs (D:1)
  5 bats
  6 endoplasms
  2 giant cockroaches (D:2)
  6 goblins
  10 hobgoblins
  5 jackals
  10 ball pythons
  2 frilled lizards
  5 kobolds
  5 rats
61 creatures vanquished.

Notes
Turn   | Place    | Note
-------+----------+-------------------------------------------
     0 | D:1      | retardedninja the Hill Orc Fighter began the quest for the
                  | Orb.
     0 | D:1      | Reached XP level 1. HP: 19/19 MP: 1/1
   139 | D:1      | Reached XP level 2. HP: 25/27 MP: 2/2
   405 | D:1      | Reached XP level 3. HP: 22/33 MP: 3/3
   939 | D:2      | Found a stormy altar of Qazlal.
  1045 | D:2      | Reached XP level 4. HP: 38/40 MP: 4/4
  1832 | D:3      | Upgraded the game from 0.30-a0-385-gfebfb9b408 to
                  | 0.30-a0-393-g54b8e3be05
  1959 | D:3      | Noticed an ogre
  1965 | D:3      | Slain by an ogre

Illustrated notes

Levels and vault maps discovered:
D:1:      scummos_arrival_simple_fountains, layout_loops_ring,
          corexii_corridor_pit
D:2:      layout_loops_corners, basic_altar, hex_medium, kennysheep_crisscross,
          minmay_tromino_i2
D:3:      layout_rooms, lemuel_blue_sif_altar

Skill      XL: |  1  2  3  4 |
---------------+-------------+-----
Axes           | 3 |  3.6
Fighting       | 4 |  4.3
Shields        | 4 |  4.0
Armour         | 4 |  4.0

Action                   |  1- 3 |  4- 6 || total
-------------------------+-------+-------++-------
Melee: War axe           |   106 |    57 ||   163
  Use: Scroll            |       |     5 ||     5
       Potion            |       |     1 ||     1
Armor: Scale mail        |    16 |       ||    16
       Chain mail        |    47 |    30 ||    77
Dodge: Dodged            |    55 |    13 ||    68
Block: Buckler           |    29 |     9 ||    38

Table legend: (Time is in decaauts)
 A = Elapsed time spent in this place.
 B = Non-inter-level travel time spent in this place.
 C = Inter-level travel time spent in this place.
 D = Time resting spent in this place.
 E = Time spent auto-exploring this place.
 F = Levels seen in this place.
 G = Mean time per level.
                   A        B        C        D        E       F      G
               +--------+--------+--------+--------+--------+-----+--------+
         Total |   2027 |   1999 |     28 |    208 |   1350 |   3 |  675.7 |
       Dungeon |   2027 |   1999 |     28 |    208 |   1350 |   3 |  675.7 |
               +--------+--------+--------+--------+--------+-----+--------+

Top non-repeatable levels by time:
     D:2: 1021 daAuts
     D:1: 812 daAuts
     D:3: 192 daAuts
